 Dungeon Crawl Stone Soup version 0.29.1-12-g30fa7ad0bf (webtiles) character file.

Game seed: 13171637226260098281

393392 LustLizard the Eternal Night (level 22, -13/119 HPs)
             Began as a Spriggan Hunter on Dec 30, 2022.
             Was the Champion of Dithmenos.
             Mangled by a white very ugly thing (48 damage)
             ... on level 1 of the Depths.
             The game lasted 02:38:31 (50121 turns).

LustLizard the Eternal Night (Spriggan Hunter)     Turns: 50121, Time: 02:38:32

Health: -13/119    AC: 28    Str:  9    XL:     22   Next: 14%
Magic:  38/38      EV: 32    Int: 10    God:    Dithmenos [******]
Gold:   5252       SH:  5    Dex: 26    Spells: 19/21 levels left

rFire   + + .      SeeInvis +   Y - +0 hand crossbow (chaos)
rCold   . . .      Faith    .   (no shield)
rNeg    + . .      Spirit   .   e - +7 swamp dragon scales
rPois   +          Reflect  +   D - +0 hat of the Scribe {rF+ Will+ Regen+ rCorr}
rElec   .          Harm     .   a - +2 cloak of the Thief {*Fog Slay-2 SInv Stlth+}
rCorr   +          Rampage  .   (gloves unavailable)
Will    ++++.                   (boots unavailable) Stlth **++++++++
                                H - amulet "Boluvilets" {Reflect rF+ rN+ Int-2 SH+5}
HPRegen 1.09/turn               A - +4 ring of protection
MPRegen 0.26/turn               z - +4 ring of protection

@: wreathed by umbra, very quick
A: very small, no large weapons, unfitting armour, see invisible, speed 3
}: 2/15 runes: decaying, gossamer
a: Renounce Religion, Shadow Step, Shadow Form


You were on level 1 of the Depths.
You worshipped Dithmenos.
Dithmenos was exalted by your worship.
You visited 9 branches of the dungeon, and saw 38 of its levels.
You also visited: Sewer, Gauntlet, Ice Cave and Volcano.

You collected 6645 gold pieces.
You spent 1393 gold pieces at shops.

Inventory:

Hand Weapons
 k - a +9 arbalest of freezing
 Y - a +0 hand crossbow of chaos (weapon)
Armour
 a - the +2 cloak of the Thief (worn) {*Fog Slay-2 SInv Stlth+}
   (You acquired it on level 4 of the Vaults)

   It may release a thick cloud of smoke when the wearer is hurt.
   Slay:      It affects your accuracy & damage with ranged weapons and melee
   (-2).
   SInv:      It lets you see invisible.
   Stlth:     It makes you more stealthy.
 c - a +1 troll leather armour
 e - +7 swamp dragon scales (worn)
 t - a +2 robe of the Archmagi
 D - the +0 hat of the Scribe (worn) {rF+ Will+ Regen+ rCorr}
   (You acquired it on level 4 of the Lair of Beasts)

   rF:        It protects you from fire.
   Regen:     It increases your rate of health regeneration.
   rCorr:     It protects you from acid and corrosion.
   Will:      It increases your willpower.
 W - a +0 buckler
Jewellery
 f - a ring of positive energy
 h - a ring of willpower
 j - the ring "Keisse" {rPois rF+ Int+5}
   (You found it on level 4 of the Lair of Beasts)

   [ring of protection from fire]

   Int:       It affects your intelligence (+5).
   rF:        It protects you from fire.
   rPois:     It protects you from poison.
 s - a +4 ring of slaying
 y - a ring of wizardry
 z - a +4 ring of protection (right hand)
 A - a +4 ring of protection (left hand)
 H - the amulet "Boluvilets" (around neck) {Reflect rF+ rN+ Int-2 SH+5}
   (You found it on level 6 of the Dungeon)

   [amulet of reflection]

   It reflects blocked missile attacks.
   Int:       It affects your intelligence (-2).
   rF:        It protects you from fire.
   rN:        It protects you from negative energy.
   SH:        It affects your SH (+5).
 K - the amulet of Lonov {rC+ Regen+ Str+4 Dex+3}
   (You acquired it on level 13 of the Dungeon)

   [amulet of regeneration]

   Str:       It affects your strength (+4).
   Dex:       It affects your dexterity (+3).
   rC:        It protects you from cold.
   Regen:     It increases your rate of health regeneration.
 L - a ring of positive energy
 T - a ring of flight
 U - a ring of wizardry
Wands
 v - a wand of polymorph (12)
 B - a wand of mindburst (36)
 I - a wand of flame (88)
 N - a wand of digging (4)
 P - a wand of acid (6)
 Q - a wand of roots (14)
 Z - a wand of charming (31)
Scrolls
 b - 8 scrolls of immolation
 d - 6 scrolls of teleportation
 m - 5 scrolls of amnesia
 o - 3 scrolls of enchant weapon
 q - 4 scrolls of torment
 C - 6 scrolls of magic mapping
 E - 3 scrolls of butterflies
 G - 5 scrolls of fear
 M - 2 scrolls of summoning
 O - 2 scrolls of blinking
 S - 6 scrolls of poison
Potions
 i - a potion of resistance
 l - 7 potions of heal wounds
 n - 12 potions of brilliance
 p - 19 potions of curing
 r - 3 potions of haste
 u - a potion of berserk rage
 w - 9 potions of mutation
 x - 5 potions of magic
 F - 4 potions of invisibility
 J - 4 potions of cancellation
 R - 4 potions of ambrosia
 V - 2 potions of flight
Miscellaneous
 g - a phantom mirror


   Skills:
 - Level 13.7 Fighting
 - Level 20.4 Ranged Weapons
 - Level 10.1 Armour
 - Level 18.4 Dodging
 - Level 12.5 Stealth
 * Level 6.2 Shields
 - Level 5.0 Translocations
 - Level 22.1 Invocations


You had 19 spell levels left.
You knew the following spells:

 Your Spells              Type           Power      Damage    Failure   Level
a - Blink                 Tloc           20%        N/A       16%         2

Your spell library contained the following spells:

 Spells                   Type           Power      Damage    Failure   Level
 Lesser Beckoning         Tloc           10%        N/A       32%         3
 Beastly Appendage        Tmut           0%         N/A       63%         1
 Sting                    Tmut/Pois      0%         1d3       63%         1
 Ensorcelled Hibernation  Hex/Ice        0%         N/A       77%         2
 Passwall                 Tmut/Erth      0%         N/A       77%         2
 Poisonous Vapours        Pois/Air       0%         N/A       77%         2
 Static Discharge         Conj/Air       0%         3-3/arc   77%         2
 Wereblood                Tmut           0%         N/A       77%         2
 Confusing Touch          Hex            0%         N/A       94%         3
 Conjure Flame            Conj/Fire      0%         6-21      94%         3
 Dazzling Flash           Conj/Hex       0%         N/A       94%         3
 Frozen Ramparts          Ice            0%         1d1       94%         3
 Ignite Poison            Fire/Tmut/Pois 0%         N/A       94%         3
 Inner Flame              Hex/Fire       0%         N/A       94%         3
 Spider Form              Tmut/Pois      0%         N/A       94%         3
 Swiftness                Air            0%         N/A       94%         3
 Iskenderun's Mystic Bla  Conj/Tloc      5%         2d3       96%         4
 Manifold Assault         Tloc           10%        N/A       96%         5
 Anguish                  Hex/Necr       0%         N/A       100%        4
 Cause Fear               Hex            0%         N/A       100%        4
 Corpse Rot               Necr/Pois/Air  0%         N/A       100%        4
 Ice Form                 Ice/Tmut       0%         N/A       100%        4
 Olgreb's Toxic Radiance  Pois           0%         N/A       100%        4
 Petrify                  Tmut/Erth      0%         N/A       100%        4
 Sticky Flame             Conj/Fire      0%         2d3       100%        4
 Summon Ice Beast         Ice/Summ       0%         N/A       100%        4
 Blade Hands              Tmut           0%         N/A       100%        5
 Fireball                 Conj/Fire      0%         3d3       100%        5
 Freezing Cloud           Conj/Ice/Air   0%         6-21      100%        5
 Lightning Bolt           Conj/Air       0%         1d11      100%        5
 Summon Forest            Summ/Tloc      2%         N/A       100%        5
 Yara's Violent Unravell  Hex/Tmut       0%         3d3       100%        5
 Eringya's Noxious Bog    Tmut/Pois      0%         N/A       100%        6
 Simulacrum               Ice/Necr       0%         N/A       100%        6
 Starburst                Conj/Fire      0%         6d3       100%        6
 Statue Form              Tmut/Erth      0%         N/A       100%        6
 Enfeeble                 Hex            0%         N/A       100%        7
 Discord                  Hex            0%         N/A       100%        8
 Ignition                 Fire           0%         3d3       100%        8
 Maxwell's Capacitive Co  Air            0%         ∞         100%        8
 Summon Horrible Things   Summ           0%         N/A       100%        8
 Polar Vortex             Ice            0%         N/A       100%        9


Dungeon Overview and Level Annotations

Branches:
Dungeon (15/15)            Temple (1/1) D:4            Lair (5/5) D:8
  Swamp (4/4) Lair:2       Spider (4/4) Lair:3        Slime (0/5) Lair:5
    Orc (2/2) D:10            Elf (1/3) Orc:2        Vaults (4/5) D:13
  Crypt (0/3) Vaults:2     Depths (2/4) D:15          Sewer (visited)
  IceCv (visited)         Volcano (visited)         Gauntlet (visited)

Altars:
Ashenzari
Cheibriados
Dithmenos
Elyvilon
Fedhas
Gozag
Hepliaklqana
Kikubaaqudgha
Makhleb
Nemelex Xobeh
Okawaru
Qazlal
Ru
Sif Muna
Trog
Uskayaw
Vehumet
Wu Jian
Xom
Yredelemnul
Zin
The Shining One
Jiyva

Shops:
D:8 :   Orc:1 (   Orc:2 [=**   Vaults:3 [

Portals:
Hell: Depths:1
Abyss: D:5

Annotations:
D:3 2 transporters, wormed's ghost, amateur SpHu
D:5 2 transporters, wormed's ghost, weakling DgDe
Elf:1 Jorgrun
Vaults:3 1 runed translucent door, Xafer's ghost, adept DsGl


Innate Abilities, Weirdness & Mutations

You are very small and have problems with some larger weapons.
You are too small for most types of armour.
You have supernaturally acute eyesight. (SInv)
You cover ground extremely quickly. (Speed+++)


Message History

The white very ugly thing is moderately wounded.
Your shadow shoots a bolt.
The bolt closely misses the white very ugly thing.
The white very ugly thing closely misses you.
The white very ugly thing barely misses you.
You shoot a bolt.
The bolt hits the white very ugly thing!
The white very ugly thing is moderately wounded.
Your shadow shoots a bolt.
The bolt hits the white very ugly thing!
The white very ugly thing punches you but does no damage.
The white very ugly thing punches you!
The white very ugly thing freezes you!!!
You shoot a bolt.
The bolt closely misses the white very ugly thing.
The white very ugly thing completely misses you.
You shoot a bolt.
The bolt hits the white very ugly thing.
The bolt burns the white very ugly thing.
The white very ugly thing is heavily wounded.
Your shadow shoots a bolt.
The bolt closely misses the white very ugly thing.
The white very ugly thing completely misses you. x2
You shoot a bolt.
The bolt hits the white very ugly thing!!
The white very ugly thing seems to grow stronger.
The white very ugly thing is severely wounded.
The white very ugly thing barely misses you.
The white very ugly thing punches you. The white very ugly thing freezes you!!
You emit a cloud of dark smoke.
The white very ugly thing attacks as you move away!
The white very ugly thing completely misses you.
The white very ugly thing misses you.
The white very ugly thing attacks as you move away!
The white very ugly thing closely misses you.
The white very ugly thing attacks as you move away!
The white very ugly thing punches you!
* * * LOW HITPOINT WARNING * * *
The white very ugly thing freezes you!!!
You die...

# #......#.....+...'.......#
############...##...#[......#####
.........###...##...#.§.§........
.........#.....##...#.§§§.§......
.........#..........#§§§§§§......
#........#..........#§§§§§.......
#........#.....######§§§§........
#..#.....####'##......§§........[
#...............@u...##§#########
.....................#.....#.....
...'..÷..............#.....#.....
..##..÷..............##..######..
#....#'##....#####'############..
.....'..#....#......[.........#..
#....#..'....'................#..
.....#'##....#..#######..##...'..
#....#..#....#..##...##..##...#..


You could see a white very ugly thing (fast, strong).

Vanquished Creatures
  Nikola (Swamp:4)
  A lich (Depths:1)
  Gastronok (D:11)
  A thorn hunter (Swamp:1)
  Frances (D:12)
  3 sphinxes
  A shadow dragon (Vaults:4)
  Roxanne (Spider:1)
  A revenant (Vaults:2)
  Donald (Swamp:4)
  2 fire giants (Depths:1)
  4 emperor scorpions
  An orc warlord (Orc:1)
  7 vault wardens
  Aizul (Spider:4)
  Louise (Spider:1)
  7 ghost moths
  10 ironbound preservers
  A war gargoyle (D:11)
  19 very ugly things
  4 ironbound thunderhulks
  A broodmother (Spider:3)
  2 stone giants (Depths:1)
  2 eleionomae
  8 entropy weavers
  A minotaur (Gauntlet)
  Azrael (Spider:3)
  A spark wasp (Spider:4)
  Snorg (D:10)
  3 fire dragons (Depths:1)
  3 deep elf death magi
  2 ettins (Depths:1)
  5 great orbs of eyes
  Josephine (D:10)
  3 shambling mangroves
  13 yaktaur captains
  A deep elf high priest (Vaults:4)
  Fannar (Lair:2)
  3 ice dragons
  3 catoblepae (Lair:5)
  6 boulder beetles
  17 vault guards
  20 hydras
  3 ogre magi
  8 ironbound frosthearts
  2 spriggan air magi (D:15)
  4 ghost crabs
  3 radroaches
  15 two-headed ogres
  24 centaur warriors
  4 jorogumos
  7 alligators
  5 dancing weapons
  A death knight (D:14)
  7 death scarabs (Spider:4)
  12 death yaks
  A vampire mage (Depths:1)
  3 spriggan berserkers
  An orc high priest (Orc:1)
  A spectral emperor scorpion (Spider:4)
  2 soul eaters
  Urug (Lair:1)
  7 tengu warriors
  5 deep elf knights (Elf:1)
  Nergalle (Lair:3)
  Lodul (D:14)
  A sun moth (Spider:3)
  7 goliath frogs
  6 pharaoh ants
  23 deep trolls
  6 bog bodies
  2 sixfirhies (Gauntlet)
  5 skeletal warriors
  2 spriggan druids
  11 swamp dragons
  8 orb spiders
  A flayed ghost (Depths:1)
  5 steelbarb worms
  5 deep elf archers (Elf:1)
  4 phantasmal warriors
  An orc knight (Orc:1)
  A spectral wolf spider (Spider:4)
  11 ironbound convokers
  2 wolf spider zombies (Spider:4)
  13 wizards
  15 lindwurms
  8 deep elf pyromancers
  A broodmother zombie (Spider:4)
  4 deep elf zephyrmancers (Elf:1)
  47 ugly things
  5 orc sorcerers
  24 wolf spiders
  7 manticores
  2 moths of wrath (Spider:4)
  3 will-o-the-wisps (Swamp:3)
  6 elephants
  6 cyclopes
  5 toenail golems (Volcano)
  15 vault sentinels
  3 black mambas
  A gargoyle (D:12)
  4 molten gargoyles (D:12)
  Maurice (D:8)
  Psyche (D:8)
  7 torpor snails
  3 rime drakes
  2 unseen horrors (D:12)
  Maggie (D:10)
  13 demonic crawlers
  2 redback zombies (Spider:4)
  10 cane toads
  2 spectral redbacks (Spider:4)
  3 freezing wraiths (D:14)
  5 komodo dragons
  27 yaktaurs
  An efreet (D:13)
  2 tengu conjurers (D:14)
  A queen bee (Gauntlet)
  9 tyrant leeches
  2 polar bears
  17 trolls
  14 hornets
  24 dream sheep
  2 spectral jumping spiders (Spider:4)
  21 tarantellas
  A tarantella zombie (Spider:4)
  Prince Ribbit (D:5)
  34 blink frogs
  4 spectral tarantellas (Spider:4)
  29 slime creatures
  A culicivora zombie (Spider:4)
  38 jumping spiders
  A shadow (D:11)
  21 culicivoras
  2 air elementals (Elf:1)
  2 water elementals
  10 spriggans
  7 wyverns
  7 wraiths
  5 fire elementals
  4 basilisks
  54 yaks
  9 vampire mosquitoes
  43 redbacks
  A steam dragon (D:9)
  14 swamp worms
  6 wargs
  9 water moccasins
  4 hell hounds (Spider:3)
  6 acid dragons
  2 ice beasts
  5 swamp drakes
  19 orc warriors
  3 boggarts (Vaults:1)
  A black bear (D:6)
  14 centaurs
  13 wolves
  2 phantoms
  34 ogres
  2 kobold brigands
  12 bullfrogs
  3 scorpions
  2 gnoll sergeants
  2 earth elementals (Elf:1)
  5 wights
  An elephant simulacrum (IceCv)
  7 killer bees
  5 howler monkeys
  3 electric eels (D:8)
  8 hounds
  3 jellies
  Crazy Yiuf (D:7)
  2 gnoll boudas
  28 orc priests
  Jessica (D:3)
  Ijyb (D:4)
  Natasha (thrice) (D:3)
  2 iguanas
  25 orc wizards
  Robin (D:3)
  22 gnolls
  16 adders
  2 river rats (Sewer)
  5 shadow imps
  3 ufetubi
  2 worms
  A dart slug (D:1)
  75 orcs
  8 bats
  9 endoplasms
  6 giant cockroaches
  11 hobgoblins
  3 jackals (D:5)
  19 kobolds
  5 quokkas
  18 ball pythons
  6 frilled lizards
  11 goblins
  21 rats
  A bush (Lair:2)
1492 creatures vanquished.

Vanquished Creatures (others)
  Nessos (Lair:3)
  An alligator (Swamp:3)
  3 deep elf zephyrmancers (Elf:1)
  A wolf spider (Spider:2)
  A yaktaur (D:15)
  A tyrant leech (Swamp:4)
  A tarantella (Spider:3)
  An orc (Orc:2)
  A goblin (D:3)
  4 foxfires (Swamp:3)
  37 fungi
  111 plants
  14 withered plants (Gauntlet)
177 creatures vanquished.

Grand Total: 1669 creatures vanquished

Notes
Turn   | Place    | Note
-------+----------+-------------------------------------------
     0 | D:1      | LustLizard the Spriggan Hunter began the quest for the Orb.
     0 | D:1      | Reached XP level 1. HP: 10/10 MP: 2/2
    78 | D:1      | Reached XP level 2. HP: 14/14 MP: 3/3
   344 | D:1      | You fall into a shaft and drop 1 floor!
   454 | D:2      | Reached XP level 3. HP: 18/18 MP: 4/4
   972 | D:2      | Noticed an eye of devastation
   973 | D:2      | Found a faded altar of an unknown god.
   981 | D:2      | Noticed a great orb of eyes
   990 | D:2      | Reached skill level 5 in Ranged Weapons
  1021 | D:2      | Reached XP level 4. HP: 9/22 MP: 5/5
  1264 | D:2      | Noticed a great orb of eyes
  1269 | D:2      | Noticed a great orb of eyes
  1682 | D:3      | Found a transporter.
  1682 | D:3      | Noticed wormed's ghost (amateur SpHu)
  1683 | D:3      | Found a transporter.
  2030 | D:3      | Found a basalt altar of Yredelemnul.
  2063 | D:3      | Noticed Robin
  2084 | D:3      | Killed Robin
  2153 | D:3      | Noticed Natasha
  2159 | D:3      | Killed Natasha
  2160 | D:3      | Reached XP level 5. HP: 18/25 MP: 6/6
  2447 | D:3      | Noticed Jessica
  2450 | D:3      | Killed Jessica
  2451 | D:3      | Reached skill level 5 in Stealth
  2488 | D:3      | Found an iron altar of Okawaru.
  2783 | D:3      | Noticed Natasha
  3332 | D:3      | Killed Natasha
  3333 | D:3      | Reached XP level 6. HP: 30/30 MP: 7/7
  3577 | D:3      | Noticed Natasha
  3582 | D:3      | Killed Natasha
  3619 | D:4      | Noticed a water moccasin
  3688 | D:4      | Found a staircase to the Ecumenical Temple.
  3707 | Temple   | Entered the Ecumenical Temple
  3893 | D:4      | Found a glowing drain.
  3934 | Sewer    | Entered a sewer
  4483 | Sewer    | Reached XP level 7. HP: 32/33 MP: 8/8
  5345 | D:5      | Entered Level 5 of the Dungeon
  5345 | D:5      | Noticed Ijyb
  5624 | D:4      | Killed Ijyb
  5838 | D:4      | Reached XP level 8. HP: 37/37 MP: 9/9
  5885 | D:5      | Noticed Prince Ribbit
  6206 | D:5      | Killed Prince Ribbit
  6207 | D:5      | Reached skill level 10 in Ranged Weapons
  6222 | D:5      | Found a transporter.
  6535 | D:5      | Found a transporter.
  6542 | D:5      | Found a one-way gate to the infinite horrors of the Abyss.
  6542 | D:5      | Noticed wormed's ghost (weakling DgDe)
  6621 | D:5      | Reached skill level 5 in Dodging
  6877 | D:6      | Found a stormy altar of Qazlal.
  7037 | D:6      | Reached XP level 9. HP: 32/43 MP: 10/10
  7237 | D:6      | Identified the amulet "Boluvilets" {Reflect rF+ rN+ Int-2
                  | SH+5}
  9189 | D:7      | Found a runed translucent door.
  9190 | D:7      | Noticed Crazy Yiuf
  9209 | D:7      | Killed Crazy Yiuf
  9264 | D:8      | Found Uhudghy's Self-Improvement Boutique.
  9395 | D:8      | Noticed Maurice
  9416 | D:8      | Killed Maurice
  9503 | D:8      | Reached XP level 10. HP: 45/50 MP: 11/11
  9857 | D:8      | Found a hazy altar of Hepliaklqana.
 10103 | D:8      | Found a bloodstained altar of Trog.
 10105 | D:8      | Found a burning altar of Makhleb.
 10157 | D:8      | Found a staircase to the Lair.
 10167 | D:8      | Noticed Psyche
 10210 | D:8      | Killed Psyche
 10211 | D:8      | Reached skill level 10 in Dodging
 10468 | D:9      | Noticed a two-headed ogre
 10487 | D:9      | Killed a two-headed ogre
 10630 | D:9      | Found a glowing golden altar of the Shining One.
 10748 | D:9      | Reached skill level 5 in Fighting
 10923 | D:8      | Found a sacrificial altar of Ru.
 11697 | D:9      | Found a shadowy altar of Dithmenos.
 11705 | D:9      | Became a worshipper of Dithmenos the Shadowed
 11988 | D:9      | Reached XP level 11. HP: 56/56 MP: 12/12
 12078 | D:10     | Entered Level 10 of the Dungeon
 12078 | D:10     | Found a shimmering altar of Xom.
 12078 | D:10     | Found a shimmering altar of Xom.
 12078 | D:10     | Found a staircase to the Orcish Mines.
 12157 | D:10     | Noticed Maggie
 12185 | D:10     | Killed Maggie
 12384 | D:10     | Reached skill level 1 in Invocations
 12392 | D:10     | Reached * piety under Dithmenos
 12400 | D:10     | Found a shimmering altar of Xom.
 12400 | D:10     | Found a shimmering altar of Xom.
 12628 | D:10     | Noticed Josephine
 12681 | D:10     | Found a shimmering altar of Xom.
 12692 | D:10     | Killed Josephine
 12693 | D:10     | Reached skill level 2 in Invocations
 12764 | D:10     | Noticed a two-headed ogre
 12788 | D:10     | Found a shimmering altar of Xom.
 12788 | D:10     | Noticed a death drake
 12790 | D:10     | Found a shimmering altar of Xom.
 12806 | D:10     | Killed a two-headed ogre
 12807 | D:10     | Reached skill level 3 in Invocations
 13030 | D:11     | Noticed a two-headed ogre
 13058 | D:10     | Noticed a jorogumo
 13072 | D:10     | Killed a two-headed ogre
 13223 | D:11     | Identified the +8 rapier of Hospitality {flame, Str+3
                  | Dex+2}
 13344 | D:11     | Reached skill level 4 in Invocations
 13585 | D:11     | Noticed Gastronok
 13848 | D:11     | Killed Gastronok
 13849 | D:11     | Reached skill level 5 in Invocations
 13937 | D:11     | Noticed a war gargoyle
 13937 | D:11     | Noticed a deep troll
 14107 | D:11     | Noticed a green ugly thing
 14180 | D:11     | Killed a green ugly thing
 14181 | D:11     | Reached XP level 12. HP: 62/62 MP: 17/17
 14608 | D:11     | Reached ** piety under Dithmenos
 14609 | D:11     | Reached skill level 6 in Invocations
 14970 | D:12     | Noticed a two-headed ogre
 14977 | D:12     | Killed a two-headed ogre
 15162 | D:12     | Reached skill level 7 in Invocations
 15691 | D:12     | Noticed Frances
 16077 | D:13     | Noticed a centaur warrior
 16092 | D:13     | Noticed a centaur warrior
 16292 | Lair:1   | Entered Level 1 of the Lair of Beasts
 16323 | Lair:1   | Found a frozen archway.
 16398 | Lair:1   | Noticed an eight-headed hydra
 16439 | Lair:1   | Killed an eight-headed hydra
 16562 | IceCv    | Entered an ice cave
 16706 | Lair:1   | Reached *** piety under Dithmenos
 16730 | Lair:1   | Noticed Urug
 16756 | Lair:1   | Killed Urug
 16757 | Lair:1   | Reached skill level 8 in Invocations
 17331 | Lair:2   | Identified 2 scrolls of acquirement
 17331 | Lair:2   | Acquired the +4 shortbow of Gallantry {flame, Dex+7}
 17336 | Lair:2   | Acquired a +4 vorpal arbalest
 17583 | Lair:2   | Reached XP level 13. HP: 68/68 MP: 20/20
 17737 | Lair:2   | Reached skill level 9 in Invocations
 17885 | Lair:2   | Found a staircase to the Swamp.
 17931 | Lair:2   | Reached skill level 15 in Dodging
 18264 | Lair:2   | Reached **** piety under Dithmenos
 18450 | Lair:3   | Reached skill level 15 in Ranged Weapons
 18468 | Lair:3   | Reached skill level 10 in Invocations
 18564 | Lair:3   | Noticed Fannar
 18579 | Lair:2   | Killed Fannar
 18680 | Lair:3   | Found a hole to the Spider Nest.
 18809 | Lair:3   | Reached ***** piety under Dithmenos
 18920 | Lair:3   | Reached skill level 11 in Invocations
 18973 | Lair:3   | Noticed Nessos
 18990 | Lair:3   | Noticed Nergalle
 19076 | Lair:3   | Reached XP level 14. HP: 74/74 MP: 23/23
 19304 | Lair:3   | Killed Nergalle
 19415 | Lair:3   | Killed Nessos
 19608 | Lair:3   | Learned a level 2 spell: Blink
 19768 | Lair:3   | Reached skill level 1 in Translocations
 19837 | Lair:4   | Identified the ring "Keisse" {rPois rF+ Int+5}
 20104 | Lair:4   | Acquired the +0 hat of the Scribe {rF+ Will+ Regen+ rCorr}
 20310 | Lair:5   | Entered Level 5 of the Lair of Beasts
 20380 | Lair:5   | Found a gate leading to a gauntlet.
 20389 | Gauntlet | Entered a Gauntlet
 20389 | Gauntlet | Found a transporter.
 20399 | Gauntlet | Found a transporter.
 20401 | Gauntlet | Found a transporter.
 20403 | Gauntlet | Found a transporter.
 20418 | Gauntlet | Found a transporter.
 20431 | Gauntlet | Found a transporter.
 20436 | Gauntlet | Found a transporter.
 20451 | Gauntlet | Found a transporter.
 20471 | Gauntlet | Found a transporter.
 20483 | Gauntlet | Found a transporter.
 20495 | Gauntlet | Found a transporter.
 20503 | Gauntlet | Found a large runed translucent door.
 20504 | Gauntlet | Found a large runed translucent door.
 20505 | Gauntlet | Found a large runed translucent door.
 20505 | Gauntlet | Found a large runed translucent door.
 20506 | Gauntlet | Found a runed translucent gate.
 20507 | Gauntlet | Found a transporter.
 20507 | Gauntlet | Found a runed translucent gate.
 20508 | Gauntlet | Found a runed translucent gate.
 20509 | Gauntlet | Found a large runed translucent door.
 20509 | Gauntlet | Found a large runed translucent door.
 20510 | Gauntlet | Found a large runed translucent door.
 20511 | Gauntlet | Found a large runed translucent door.
 20519 | Gauntlet | Found a transporter.
 20538 | Gauntlet | Found a transporter.
 20549 | Gauntlet | Found a large runed translucent door.
 20550 | Gauntlet | Found a large runed translucent door.
 20551 | Gauntlet | Found a large runed translucent door.
 20551 | Gauntlet | Found a large runed translucent door.
 20552 | Gauntlet | Found a runed translucent door.
 20553 | Gauntlet | Found a transporter.
 20554 | Gauntlet | Found a runed translucent door.
 20555 | Gauntlet | Found a transporter.
 20555 | Gauntlet | Found a large runed translucent door.
 20555 | Gauntlet | Found a large runed translucent door.
 20556 | Gauntlet | Found a large runed translucent door.
 20628 | Gauntlet | Found a transporter.
 20638 | Gauntlet | Found a transporter.
 20642 | Gauntlet | Found a large runed translucent door.
 20782 | Gauntlet | Identified the +8 battleaxe of the Shrinking Spider
                  | {protect, Drain Fly rCorr}
 20783 | Gauntlet | Got the Tome of Poison
 20818 | Lair:5   | Found a dark tunnel.
 20830 | Volcano  | Entered a volcano
 20840 | Volcano  | Reached skill level 12 in Invocations
 20856 | Volcano  | Reached skill level 5 in Translocations
 21736 | Lair:5   | Reached skill level 13 in Invocations
 22230 | Lair:5   | Found a viscous altar of Jiyva.
 22238 | Lair:5   | Found a staircase to the Slime Pits.
 22418 | Lair:5   | Reached XP level 15. HP: 48/79 MP: 26/26
 22935 | Orc:1    | Entered Level 1 of the Orcish Mines
 22935 | Orc:1    | Found Vaoged's Weapon Emporium.
 22937 | Orc:1    | Noticed Snorg
 22999 | D:10     | Killed Snorg
 23085 | Orc:1    | Reached skill level 10 in Stealth
 23398 | Orc:2    | Entered Level 2 of the Orcish Mines
 23398 | Orc:2    | Found Jagaegh's Antique Armour Emporium.
 23481 | Orc:2    | Noticed an orc warlord
 23577 | Orc:1    | Reached skill level 14 in Invocations
 23591 | Orc:1    | Killed an orc warlord
 23720 | Orc:1    | Reached ****** piety under Dithmenos
 24095 | Orc:2    | Found Buon's Jewellery Boutique.
 24100 | Orc:2    | Found Yvvagrits's Assorted Antiques.
 24101 | Orc:2    | Found Ateasow's General Store.
 24385 | Orc:2    | Found a staircase to the Elven Halls.
 24533 | Orc:2    | Bought a scroll of enchant weapon for 90 gold pieces
 24544 | Orc:2    | Bought a sheer robe for 153 gold pieces
 24544 | Orc:2    | Identified the +0 robe of Exclusion {rC+ Str-5 Dex+2} (You
                  | bought it in a shop on level 2 of the Orcish Mines)
 24663 | D:8      | Bought a manual of Fighting for 960 gold pieces
 25270 | D:11     | Noticed a sphinx
 25407 | D:11     | Killed a sphinx
 25606 | D:12     | Killed Frances
 25690 | D:12     | Reached skill level 15 in Invocations
 25910 | D:13     | Reached skill level 10 in Fighting
 26057 | D:13     | Acquired the amulet of Lonov {rC+ Regen+ Str+4 Dex+3}
 26193 | D:13     | Found a gate to the Vaults.
 26508 | D:14     | Noticed Lodul
 26516 | D:14     | Killed Lodul
 26517 | D:14     | Reached XP level 16. HP: 86/86 MP: 28/28
 27662 | D:15     | Entered Level 15 of the Dungeon
 28701 | D:15     | Reached skill level 16 in Invocations
 28794 | D:15     | Found a staircase to the Depths.
 29467 | Swamp:1  | Entered Level 1 of the Swamp
 29559 | Swamp:1  | Reached XP level 17. HP: 93/93 MP: 30/30
 29560 | Swamp:1  | Reached XP level 18. HP: 98/98 MP: 31/31
 30918 | Swamp:3  | Reached skill level 17 in Invocations
 31090 | Swamp:3  | Identified the +2 robe of Zeahin {-Tele rPois Str+4 Dex+9}
 31394 | Swamp:4  | Entered Level 4 of the Swamp
 31671 | Swamp:4  | Noticed Donald
 31689 | Swamp:4  | Killed Donald
 31757 | Swamp:4  | Noticed Nikola
 32698 | Swamp:4  | Reached XP level 19. HP: 105/105 MP: 32/32
 32912 | Swamp:4  | Killed Nikola
 33069 | Swamp:4  | Got a decaying rune of Zot
 33233 | Spider:1 | Entered Level 1 of the Spider Nest
 33414 | Spider:1 | Identified Roxanne's Spellbook of Changing
 33414 | Spider:1 | Noticed Roxanne
 33462 | Spider:1 | Killed Roxanne
 33648 | Spider:1 | Noticed Louise
 33782 | Spider:1 | Reached skill level 1 in Armour
 33867 | Spider:1 | Reached skill level 18 in Invocations
 35946 | Spider:3 | Noticed Azrael
 36996 | Spider:3 | Reached skill level 5 in Armour
 37366 | Spider:4 | Entered Level 4 of the Spider Nest
 38793 | Spider:4 | Reached XP level 20. HP: 110/110 MP: 34/34
 39295 | Spider:4 | Noticed Aizul
 39323 | Spider:4 | Killed Aizul
 39437 | Spider:4 | Paralysed by a jorogumo for 2 turns
 39543 | Spider:4 | Got a gossamer rune of Zot
 39709 | Spider:3 | Killed Azrael
 39881 | Spider:1 | Killed Louise
 40223 | Vaults:1 | Entered Level 1 of the Vaults
 40601 | Vaults:1 | Reached skill level 10 in Armour
 41492 | Vaults:1 | Reached skill level 19 in Invocations
 41862 | Vaults:2 | Found a staircase to the Crypt.
 42463 | Vaults:2 | Got Irooq's Volume of the Noxious Congregation
 43409 | Orc:2    | Bought a scroll of brand weapon for 190 gold pieces
 43615 | Vaults:3 | Reached skill level 20 in Invocations
 43821 | Vaults:3 | Found Tur Cite's Antique Armour Shop.
 43854 | Vaults:3 | Reached XP level 21. HP: 104/114 MP: 36/36
 44144 | Vaults:3 | Found a runed translucent door.
 44147 | Vaults:3 | Noticed Xafer's ghost (adept DsGl)
 44761 | Vaults:3 | Identified the +2 kite shield of Analysis {Rampage +Blink
                  | rF- Dex-5}
 45192 | Vaults:3 | Reached skill level 21 in Invocations
 46644 | Vaults:4 | Acquired the +2 cloak of the Thief {*Fog Slay-2 SInv
                  | Stlth+}
 46644 | Vaults:4 | Found the +2 cloak of the Thief {*Fog Slay-2 SInv Stlth+}
 47177 | Depths:1 | Entered Level 1 of the Depths
 47489 | Depths:1 | Reached skill level 1 in Shields
 47489 | Depths:1 | Reached skill level 22 in Invocations
 48284 | Elf:1    | Entered Level 1 of the Elven Halls
 48400 | Elf:1    | Found a radiant altar of Vehumet.
 48844 | Elf:1    | Paralysed by an air elemental for 1 turns
 48849 | Elf:1    | Noticed Jorgrun
 49248 | Depths:1 | Reached XP level 22. HP: 65/119 MP: 38/38
 49471 | Depths:1 | Reached skill level 5 in Shields
 49565 | Depths:1 | Found a gateway to Hell.
 49984 | Depths:1 | Found a sacrificial altar of Ru.
 50121 | Depths:1 | Mangled by a white very ugly thing

Illustrated notes

Levels and vault maps discovered:
D:1:      dpeg_arrival_erosion, layout_basic, minmay_tromino_i2
D:2:      layout_basic, hellmonk_ecumenical_altar_watching_god,
          chequers_serial_rivers_micro_c
D:3:      layout_loops_corners, mainiacjoe_overflow_small_starburst,
          general_overflow_altar, gammafunk_ghost_mausoleum, uniq_jessica,
          uniq_robin, uniq_natasha
D:4:      layout_rooms, minmay_temple_entry_glass, gup_sewer_entry_spiral
D:5:      layout_cave_pools, gammafunk_ghost_abyssal_escape, uniq_ijyb,
          uniq_prince_ribbit1
D:6:      layout_basic, lemuel_crystal_altar
D:7:      layout_basic, lightli_minifort, uniq_crazy_yiuf_cottage
D:8:      layout_loops_ring, nicolae_overflow_hidden_temple, erik_lair_island,
          nicolae_shop_self_help, uniq_maurice, uniq_psyche
D:9:      layout_loops_cross, nicolae_dithmenos_shadow_blocks,
          nicolae_tso_carved_into_rock, eino_tiny_chamber, corexii_checkpoint_a,
          minmay_joined_circles
D:10:     layout_loops_ring, xom_shifter_show, minmay_orc_entry_guard_dogs,
          minmay_misc_feat_tiny, uniq_maggie, uniq_josephine
D:11:     minmay_glassy_protrusions, layout_loops_corners, worms_lemuel,
          uniq_gastronok
D:12:     layout_long_grid, minmay_misc_feat_four_crosses, minivault_8,
          uniq_frances
D:13:     layout_roguey, erik_vaults_2, serial_park_tiny_2
D:14:     layout_stronghold, minmay_misc_feat_rows, uniq_lodul
D:15:     grunt_enter_depths_hoard, layout_loops_corners, serial_bayou,
          serial_bayou_pond_d, serial_bayou_pond_d, serial_bayou_lagoon_a,
          serial_bayou_pond_a
Temple:   nicolae_temple_godzebo
Lair:1:   layout_loops_ring, portal_ice_cave_entry_pillars_1,
          chequers_serial_rivers_micro_e, grunt_forest_small_clearings,
          uniq_urug
Lair:2:   layout_regular_city, skrybe_swamp_entry_bodies,
          grunt_forest_stairs_basic, wad_woods_06, serial_bayou_shore_b,
          grunt_megastairs_3
Lair:3:   layout_chaotic_city, spider_nest_entry_webs, uniq_nergalle,
          uniq_nessos, uniq_fannar
Lair:4:   layout_misc_corridors
Lair:5:   evilmike_catoblepas_cave, layout_cave_pods, dpeg_slime_entry_corner,
          nicolae_volcano_entry_lava_flow, gauntlet_entry_generic, minivault_19
Swamp:1:  layout_basic_swamp, nicolae_swamp_decorative_isthmus, swamp_pool5
Swamp:2:  layout_basic_swamp, nicolae_swamp_little_swirl
Swamp:3:  layout_falls_marsh, evilmike_swamp_ruin_wall,
          infiniplex_staircase_pool_2
Swamp:4:  swamp_basic_johnstein, layout_basic_swamp, swamp_pool3, uniq_nikola,
          uniq_donald
Spider:1: layout_spider_delve, guppyfry_hornet_nest, uniq_louise, uniq_roxanne
Spider:2: layout_spider_delve
Spider:3: layout_chambers, uniq_azrael
Spider:4: floodkiller_spider_rune_tomb, nicolae_spider_bug_shape, uniq_aizul
Orc:1:    layout_caves, serial_shops, nicolae_shop_bloodbath_and_beyond,
          minmay_orc_keep, uniq_snorg
Orc:2:    st_orc_open, layout_caves
Elf:1:    eino_elf_arrival_altar, layout_geoelf_octagon, enter_trove_2,
          minmay_elf_demonology, st_stairs_1, uniq_zenata, uniq_jorgrun
Vaults:1: ontoclasm_vaults_bender, v_rooms_5, nicolae_vaults_angled_halls,
          v_misc_16, nicolae_vaults_bisected_inception, v_misc_27,
          vaults_dpeg_emergency_exit, grunt_vaults_funnel, v_pattern_5,
          vaults_standard_mumra_lines, vaults_room_grunt_arrival_ludios,
          vaults_room_pools, layout_vaults_omnicross
Vaults:2: v_misc_17, nicolae_vaults_circle_grid_b,
          minmay_crypt_entry_simple_box, grunt_vaults_twisty, v_rooms_6,
          ontoclasm_vaults_fault, v_misc_26, nicolae_vaults_diagonal_hallway_6,
          nicolae_vaults_little_squares_2, v_pattern_4, dpeg_vaults_monster_box,
          layout_vaults_chaotic_city
Vaults:3: hellmonk_ghost_big_iron, v_misc_33, vaults_dpeg_diagonal,
          nicolae_vaults_little_squares_6, ontoclasm_vaults_gateway,
          nicolae_vaults_c_with_doors, hangedman_vaults_hat,
          vaults_room_door_hall, v_misc_19, vaults_room_pool, serial_ice_m,
          ontoclasm_vaults_shuriken, layout_vaults_omnigrid, serial_shops, shop
Vaults:4: nicolae_vaults_asterisk, ontoclasm_vaults_echo,
          ontoclasm_vaults_decontamination, v_misc_17,
          hangedman_vaults_stretched_pinwheel, nicolae_vaults_little_squares_3,
          vaults_room_large_hall, ontoclasm_vaults_misaligned,
          vaults_dpeg_hooks, grunt_vaults_diagonal, v_misc_19,
          nicolae_vaults_sealed_display, vaults_room_fours,
          nicolae_vaults_shelves_hall, nicolae_vaults_three_branches,
          layout_vaults_omnibox
Depths:1: layout_gridville, hangedman_abyss_or_decor_slice, hell_entry,
          amcnicky_mini_rare_corridor_liquid, hangedman_abyss_or_decor_stabs,
          nicolae_ru_the_path_less_chosen
Depths:2: lemuel_firewalk_3, layout_cave_shapes, hell_entry, special_room
          [special_room_mythical_zoo], abyss_entry_crystal,
          rand_demon_pan_entry_3, nicolae_elyvilon_temple_path, zin_angel

Skill      XL: |  1  2  3  4  5  6  7  8  9 10 11 12 13 14 15 16 17 18 19 20 21 22 |
---------------+-------------------------------------------------------------------+-----
Stealth        | 2 3 4 5 9 11 12 | 12.5
Ranged Weapons | 5 6 8 9 10 11 13 14 15 16 17 18 19 20 | 20.4
Dodging        | 6 9 12 13 14 15 16 17 18 | 18.4
Fighting       | 2 4 5 6 7 8 9 10 11 12 13 | 13.7
Invocations    | 5 8 11 13 15 16 17 18 20 22 | 22.1
Translocations | 5 |  5.0
Armour         | 7 10 | 10.1
Shields        | 4 6 |  6.2

Action                   |  1- 3 |  4- 6 |  7- 9 | 10-12 | 13-15 | 16-18 | 19-21 | 22-24 || total
-------------------------+-------+-------+-------+-------+-------+-------+-------+-------++-------
Melee: Shortbow          |       |       |       |       |       |       |     4 |       ||     4
 Fire: Shortbow          |    78 |   269 |   642 |  1487 |  1737 |   909 |  1395 |       ||  6517
       Arbalest          |       |       |       |     1 |       |       |  1044 |       ||  1045
       Hand crossbow     |       |       |       |       |       |       |   358 |   154 ||   512
 Cast: Blink             |       |       |       |       |       |       |     1 |       ||     1
Evoke: Phantom mirror    |       |       |       |       |       |     1 |       |       ||     1
       Wand              |       |       |       |       |       |       |    21 |       ||    21
  Use: Potion            |       |     1 |       |     5 |       |     4 |    10 |       ||    20
       Scroll            |       |       |     6 |    22 |     7 |     8 |    20 |       ||    63
Armor: Robe              |     2 |    17 |    56 |       |    22 |       |       |       ||    97
       Troll leather arm |       |       |       |    73 |    33 |    19 |       |       ||   125
       Swamp dragon scal |       |       |       |       |       |    65 |   387 |    26 ||   478
Dodge: Dodged            |    16 |    95 |   242 |   738 |  1176 |   612 |  2637 |   114 ||  5630
Block: Other             |       |       |    19 |   169 |   232 |    94 |   424 |    18 ||   956
       Reflection        |       |       |     3 |     9 |    11 |    10 |    29 |       ||    62
